 Dungeon Crawl Stone Soup version 0.25-a0-578-gc91f01c39c (console) character file.

Game seed: 10151896235161473567, levelgen mode: deterministic

1654 Kagalorn the Thaumaturge (level 9, -8/65 HPs)
             Began as a Gnoll Wizard on Mar 4, 2020.
             Was an Initiate of Ashenzari.
             Mangled by Harold
             ... wielding a +2 vampiric trident
              (21 damage)
             ... on level 7 of the Dungeon.
             The game lasted 00:26:15 (6159 turns).

Kagalorn the Thaumaturge (Gnoll Wizard)             Turns: 6159, Time: 00:26:15

Health: -8/65      AC:  5    Str: 11    XL:     9   Next: 0%
Magic:  21/21      EV: 15    Int: 23    God:    Ashenzari [......]
Gold:   213        SH:  5    Dex: 13    Spells: 12/24 levels left

rFire    . . .     SeeInvis .   a - +2 trident (freeze)
rCold    . . .     Gourm    .   A - +0 buckler
rNeg     . . .     Faith    .   e - +0 robe
rPois    .         Spirit   .   n - +0 hat
rElec    .         Reflect  .   (no cloak)
rCorr    .         Harm     .   J - +1 pair of gloves (curse)
MR       +....                  z - +0 pair of boots
Stlth    +++.......             x - amulet of regeneration (curse)
HPRegen  0.60/turn              (no ring)
MPRegen  0.17/turn              y - ring of protection from magic (curse)

@: no status effects
A: distributed training, fangs 1, strong nose
a: Curse Item, Renounce Religion


You were on level 7 of the Dungeon.
You worshipped Ashenzari.
Ashenzari was noncommittal.
You were not hungry.

You visited 2 branches of the dungeon, and saw 10 of its levels.

You collected 439 gold pieces.
You spent 226 gold pieces at shops.

Inventory:

Hand Weapons
 a - a +2 trident of freezing (weapon)
 b - a +0 hunting sling
 w - a +3 falchion of protection
Missiles
 h - 129 stones
 k - 95 arrows
 r - 37 bolts
 t - 4 datura-tipped darts
 v - 18 sling bullets
 C - 8 curare-tipped darts (quivered)
 M - 11 poisoned darts
Armour
 e - a +0 robe (worn)
 n - a +0 hat (worn)
 z - a +0 pair of boots (worn)
 A - a +0 buckler (worn)
 J - a cursed +1 pair of gloves (worn)
Jewellery
 x - a cursed amulet of regeneration (around neck)
 y - a cursed ring of protection from magic (right hand)
 I - an uncursed ring of fire
 L - an uncursed amulet of rage
 N - an uncursed ring of fire
Wands
 D - a wand of iceblast (5)
 H - a wand of digging (6)
Scrolls
 f - 4 scrolls of teleportation
 g - a scroll of amnesia {unknown}
 j - 2 scrolls of blinking {unknown}
 l - 2 scrolls of remove curse
 m - 2 scrolls of fear {unknown}
 s - 3 scrolls of enchant armour {unknown}
 B - 2 scrolls of magic mapping
 F - a scroll of enchant weapon {unknown}
Potions
 c - a potion of lignification {unknown}
 i - a potion of invisibility
 o - a potion of flight
 p - a potion of stabbing
 q - a potion of brilliance {unknown}
 u - 2 potions of ambrosia
 E - a potion of haste {unknown}
 G - 2 potions of curing {unknown}
Comestibles
 d - 15 rations


   Skills:
 + Level 3.7 Fighting
 + Level 3.7 Short Blades
 + Level 3.7 Long Blades
 + Level 3.7 Axes
 + Level 3.7 Maces & Flails
 + Level 3.7 Polearms
 + Level 3.7 Staves
 + Level 3.7 Slings
 + Level 3.7 Bows
 + Level 3.7 Crossbows
 + Level 3.7 Throwing
 + Level 3.7 Armour
 + Level 5.9 Dodging
 + Level 5.6 Stealth
 + Level 3.7 Shields
 + Level 3.7 Unarmed Combat
 + Level 8.1 Spellcasting
 + Level 3.7 Conjurations
 + Level 3.0 Hexes
 + Level 3.0 Charms
 + Level 3.7 Summonings
 + Level 3.0 Necromancy
 + Level 3.7 Translocations
 + Level 3.0 Transmutations
 + Level 3.0 Fire Magic
 + Level 3.0 Ice Magic
 + Level 3.0 Air Magic
 + Level 3.0 Earth Magic
 + Level 3.0 Poison Magic
 + Level 4.0 Invocations
 + Level 3.7 Evocations


You had 12 spell levels left.
You knew the following spells:

 Your Spells              Type           Power        Failure   Level  Hunger
a - Magic Dart            Conj           ####         1%          1    None
b - Confusing Touch       Hex            ###.....     6%          3    None
c - Conjure Flame         Conj/Fire      ####....     5%          3    None
d - Tukima's Dance        Hex            ###.....     6%          3    None
g - Blink                 Tloc           N/A          2%          2    None

Your spell library contained the following spells:

 Spells                   Type           Power        Failure   Level  Hunger
 Corona                   Hex            ###....      1%          1    None
 Call Imp                 Summ           ####....     2%          2    None
 Ensorcelled Hibernation  Hex/Ice        ###...       3%          2    None
 Slow                     Hex            ###.....     3%          2    None
 Dazzling Flash           Conj/Hex       ####..       5%          3    None
 Mephitic Cloud           Conj/Pois/Air  ###.....     5%          3    None


Dungeon Overview and Level Annotations

Branches:
Dungeon (9/15)             Temple (1/1) D:6
   Lair: D:8-11         Orc: D:9-12

Altars:
Ashenzari
Cheibriados
Dithmenos
Elyvilon
Fedhas
Gozag
Hepliaklqana
Kikubaaqudgha
Makhleb
Nemelex Xobeh
Okawaru
Qazlal
Ru
Sif Muna
Trog
Uskayaw
Vehumet
Wu Jian
Xom
Yredelemnul
Zin
The Shining One

Shops:
D:4 ?   D:6 *   D:7 [(}   D:8 (

Annotations:
D:7 Harold
D:8 exclusion: slave, Maggie, Pikel


Innate Abilities, Weirdness & Mutations

Your experience applies equally to all skills.
You have very sharp teeth.
Your uncanny sense of smell can sniff out nearby items.


Message History

Harold is moderately wounded.
Harold hits you with a +2 vampiric trident.
* * * LOW HITPOINT WARNING * * *
Harold draws strength from your wounds!
You catch the helpless Harold completely off-guard!
You hit Harold but do no damage.
Harold is moderately wounded.
Harold hits you with a +2 vampiric trident!
* * * LOW HITPOINT WARNING * * *
Harold draws strength from your wounds!
You hit Harold but do no damage. You bite Harold, but do no damage.
Harold is moderately wounded.
Harold closely misses you.
You hit Harold but do no damage.
Harold is moderately wounded.
You block Harold's attack.
You hit Harold. You freeze Harold. You bite Harold, but do no damage.
Harold is moderately wounded.
Harold hits you with a +2 vampiric trident!!
You die...

..+.......#.......##.......##....
..##..#.°........>###.....#.##..#
..##.............## #....#.#.#..#
.......☼._○.......# #....##.#....
........☼.°.......###...#.##.....
.......§.........##....#.#.......
..##.....###.##..##....##........
..##.....###.##@.##.>.#..........
.†............+.@((...)..........
..............#..##.........####.
.........##..##..############ #.
####.....##∩.##.......# ##
########...........#
#......##..## ∆ #..##..##..##
#..##...#...# #.......#..[#


You could see Harold (confused).

Vanquished Creatures
  Eustachio (D:5)
  A slave (D:7)
  A sky beast (D:6)
  An ice beast (D:6)
  2 phantoms
  A centaur (D:6)
  2 bullfrogs
  4 scorpions
  A wyvern skeleton (D:8)
  A centaur zombie (D:7)
  A bullfrog zombie (D:8)
  2 crimson imps
  A hound (D:5)
  An orc priest (D:5)
  2 bullfrog skeletons
  3 orc wizards
  4 worker ants
  Ijyb (D:5)
  An iguana (D:7)
  A hound skeleton (D:5)
  A howler monkey zombie (D:5)
  2 worker ant zombies (D:5)
  7 adders
  A shadow imp (D:7)
  2 oozes
  2 worms (D:2)
  2 dart slugs (D:1)
  2 leopard geckos
  15 orcs
  8 bats
  7 giant cockroaches
  4 goblins
  8 hobgoblins
  13 jackals
  A quokka (D:4)
  A ball python (D:6)
  10 frilled lizards
  10 kobolds
  7 rats
135 creatures vanquished.

Notes
Turn   | Place    | Note
-------+----------+-------------------------------------------
     0 | D:1      | Kagalorn the Gnoll Wizard began the quest for the Orb.
     0 | D:1      | Reached XP level 1. HP: 13/13 MP: 8/8
    87 | D:1      | Reached XP level 2. HP: 19/19 MP: 5/10
   278 | D:1      | Reached XP level 3. HP: 15/25 MP: 3/11
   783 | D:2      | Found an ornate altar of the Wu Jian Council.
   783 | D:2      | Found an ancient bone altar of Kikubaaqudgha.
   784 | D:2      | Found a white marble altar of Elyvilon.
   832 | D:2      | Reached skill level 1 in Invocations
  1036 | D:2      | Reached skill level 1 in Fighting
  1036 | D:2      | Reached skill level 1 in Short Blades
  1036 | D:2      | Reached skill level 1 in Long Blades
  1036 | D:2      | Reached skill level 1 in Axes
  1036 | D:2      | Reached skill level 1 in Maces & Flails
  1036 | D:2      | Reached skill level 1 in Polearms
  1036 | D:2      | Reached skill level 1 in Staves
  1036 | D:2      | Reached skill level 1 in Slings
  1036 | D:2      | Reached skill level 1 in Bows
  1036 | D:2      | Reached skill level 1 in Crossbows
  1036 | D:2      | Reached skill level 1 in Throwing
  1036 | D:2      | Reached skill level 1 in Armour
  1036 | D:2      | Reached skill level 1 in Shields
  1036 | D:2      | Reached skill level 1 in Unarmed Combat
  1036 | D:2      | Reached skill level 1 in Evocations
  1124 | D:2      | Reached XP level 4. HP: 32/32 MP: 9/13
  1438 | D:3      | Learned a level 2 spell: Blink
  1442 | D:3      | Learned a level 3 spell: Conjure Flame
  1637 | D:3      | You fall into a shaft and drop 2 floors!
  1637 | D:5      | Entered Level 5 of the Dungeon
  1641 | D:4      | Noticed a phantom
  1659 | D:4      | Found a sacrificial altar of Ru.
  2007 | D:3      | Reached skill level 1 in Hexes
  2007 | D:3      | Reached skill level 1 in Charms
  2007 | D:3      | Reached skill level 1 in Necromancy
  2007 | D:3      | Reached skill level 1 in Transmutations
  2007 | D:3      | Reached skill level 1 in Fire Magic
  2007 | D:3      | Reached skill level 1 in Ice Magic
  2007 | D:3      | Reached skill level 1 in Air Magic
  2007 | D:3      | Reached skill level 1 in Earth Magic
  2007 | D:3      | Reached skill level 1 in Poison Magic
  2121 | D:3      | Found a hazy altar of Hepliaklqana.
  2479 | D:4      | Found Kuwul's Magic Scroll Emporium.
  2493 | D:4      | Bought a scroll of remove curse for 36 gold pieces
  2493 | D:4      | Bought a scroll of magic mapping for 42 gold pieces
  2493 | D:4      | Bought a scroll of identify for 24 gold pieces
  2493 | D:4      | Bought a scroll of teleportation for 36 gold pieces
  2493 | D:4      | Bought a scroll of immolation for 42 gold pieces
  2567 | D:3      | Reached XP level 5. HP: 37/37 MP: 2/14
  2661 | D:4      | Killed a phantom
  2661 | D:4      | Reached XP level 6. HP: 42/44 MP: 3/16
  2883 | D:4      | Found a shimmering altar of Xom.
  2883 | D:4      | Found a shimmering altar of Xom.
  2884 | D:4      | Found a shimmering altar of Xom.
  2885 | D:4      | Found a shimmering altar of Xom.
  3066 | D:5      | Reached skill level 5 in Dodging
  3287 | D:5      | Noticed Ijyb
  3298 | D:5      | Killed Ijyb
  3298 | D:5      | Reached XP level 7. HP: 46/50 MP: 6/18
  3977 | D:6      | Noticed Eustachio
  4087 | D:5      | Killed Eustachio
  4087 | D:5      | Reached skill level 5 in Stealth
  4411 | D:6      | Found a shadowy altar of Dithmenos.
  4432 | D:6      | Reached XP level 8. HP: 55/57 MP: 7/19
  4525 | D:6      | Learned a level 3 spell: Tukima's Dance
  4692 | D:6      | Found Naoghuet's Serpentskin Sales.
  4720 | D:6      | Bought 6 curare-tipped darts for 46 gold pieces
  4827 | D:6      | Found a staircase to the Ecumenical Temple.
  4836 | Temple   | Entered the Ecumenical Temple
  5000 | Temple   | Became a worshipper of Ashenzari the Shackled
  5278 | D:7      | Found a radiant altar of Vehumet.
  5301 | D:7      | Found Uloismow's Weapon Shoppe.
  5353 | D:7      | Noticed Harold
  5382 | D:7      | Found Junin's Armour Shoppe.
  5510 | D:7      | Reached skill level 8 in Spellcasting
  5583 | D:7      | Found Jugek's Gadget Shoppe.
  5804 | D:8      | Found Dies's Weapon Emporium.
  5879 | D:8      | Reached XP level 9. HP: 65/65 MP: 14/21
  5888 | D:8      | Noticed Maggie
  5973 | D:9      | Noticed a hornet
  5993 | D:8      | Learned a level 3 spell: Confusing Touch
  6027 | D:8      | Noticed Pikel
  6159 | D:7      | Mangled by Harold

Levels and vault maps discovered:
D:1:      psy_arrival_conway, layout_loops_ring, minmay_tripent
D:2:      layout_rooms, chequers_temple_overflow_statue_of_worship,
          first_ration, minmay_lizard_pond
D:3:      layout_basic, marbit_many_paths
D:4:      layout_cave_pools, xom_redecorated, serial_shops,
          nicolae_shop_statue_plus, nicolae_ru_awakened_eye
D:5:      layout_basic, uniq_ijyb
D:6:      layout_basic, temple_hall, basic_altar, guppyfry_shop_venom,
          uniq_eustachio
D:7:      kennysheep_six_static_rooms, layout_gridville, fiery_altar_vehumet,
          serial_shops, nicolae_shop_window_shopping, shop_fountains, shop,
          shop_fountains, minmay_misc_feat_secret_circle, uniq_harold
D:8:      layout_basic, serial_shops, shop, hangedman_little_slice_of_home,
          minivault_24, chequers_serial_rivers_marsh, st_stairs_13, uniq_pikel,
          uniq_maggie
D:9:      layout_roguey, minmay_lair_entry_grove, orc_0_dummy,
          minmay_misc_feat_tiny, uniq_maurice
Temple:   nicolae_temple_elliptical

Skill      XL: |  1  2  3  4  5  6  7  8 |
---------------+-------------------------+-----
Conjurations   | 2 3 |  3.7
Summonings     | 2 3 |  3.7
Translocations | 2 3 |  3.7
Invocations    | 1 2 3 4 |  4.0
Fighting       | 1 2 3 |  3.7
Short Blades   | 1 2 3 |  3.7
Long Blades    | 1 2 3 |  3.7
Axes           | 1 2 3 |  3.7
Maces & Flails | 1 2 3 |  3.7
Polearms       | 1 2 3 |  3.7
Staves         | 1 2 3 |  3.7
Slings         | 1 2 3 |  3.7
Bows           | 1 2 3 |  3.7
Crossbows      | 1 2 3 |  3.7
Throwing       | 1 2 3 |  3.7
Armour         | 1 2 3 |  3.7
Shields        | 1 2 3 |  3.7
Unarmed Combat | 1 2 3 |  3.7
Evocations     | 1 2 3 |  3.7
Hexes          | 1 2 3 |  3.0
Charms         | 1 2 3 |  3.0
Necromancy     | 1 2 3 |  3.0
Transmutations | 1 2 3 |  3.0
Fire Magic     | 1 2 3 |  3.0
Ice Magic      | 1 2 3 |  3.0
Air Magic      | 1 2 3 |  3.0
Earth Magic    | 1 2 3 |  3.0
Poison Magic   | 1 2 3 |  3.0
Dodging        | 5 |  5.9
Stealth        | 5 |  5.6
Spellcasting   | 8 |  8.1

Action                   |  1- 3 |  4- 6 |  7- 9 || total
-------------------------+-------+-------+-------++-------
Melee: Unarmed           |    11 |       |       ||    11
       Short sword       |     7 |     3 |       ||    10
       Bite              |     1 |     1 |    10 ||    12
       Trident           |       |     2 |   109 ||   111
 Fire: Hunting sling     |       |       |    10 ||    10
Throw: Dart              |       |     1 |     2 ||     3
 Cast: Magic Dart        |    84 |   179 |   226 ||   489
       Conjure Flame     |       |     2 |     9 ||    11
       Confusing Touch   |       |       |     4 ||     4
Invok: Curse Item        |       |       |     3 ||     3
  Use: Scroll            |       |     6 |     3 ||     9
 Stab: Sleeping          |       |     1 |       ||     1
       Confused          |       |       |     3 ||     3
  Eat: Chunk             |     1 |     6 |     7 ||    14
       Ration            |       |       |     1 ||     1
Armor: Robe              |     8 |    10 |    43 ||    61
Dodge: Dodged            |    33 |    48 |   156 ||   237
Block: Buckler           |       |     3 |    41 ||    44

Table legend:
 A = Non-vault XP
 B = Vault XP
 C = Vault XP percentage of total XP
 D = Non-vault monster count
 E = Vault monster count
 F = Vault count percentage of total count
                 A         B        C        D         E       F
            +---------+---------+-------+---------+---------+-------
      Total |    2083 |     280 |  11.8 |     120 |      14 |  10.4
            +---------+---------+-------+---------+---------+-------
        D:1 |      48 |       2 |   4.0 |      23 |       2 |   8.0
        D:2 |      35 |       6 |  14.6 |      17 |       6 |  26.1
        D:3 |      83 |      13 |  13.5 |      20 |       1 |   4.8
        D:4 |     194 |       0 |   0.0 |       8 |       0 |   0.0
        D:5 |     436 |     231 |  34.6 |      18 |       2 |  10.0
        D:6 |     469 |      28 |   5.6 |      12 |       3 |  20.0
        D:7 |     359 |       0 |   0.0 |      15 |       0 |   0.0
        D:8 |     459 |       0 |   0.0 |       7 |       0 |   0.0
            +---------+---------+-------+---------+---------+-------
